 Dungeon Crawl Stone Soup version 0.20-a0-760-g49f5558 (webtiles) character file.

5415 polly the Carver (level 10, -11/79 HPs)
             Began as a Demonspawn Gladiator on Feb 25, 2017.
             Was a Follower of Trog.
             Mangled by a cyan ugly thing (12 damage)
             ... on level 8 of the Dungeon.
             The game lasted 00:11:46 (8437 turns).

polly the Carver (Demonspawn Gladiator)             Turns: 8437, Time: 00:11:46

Health: -11/79     AC: 13    Str: 16    XL:     10   Next: 40%
Magic:  10/10      EV: 15    Int: 13    God:    Trog [*.....]
Gold:   0          SH:  4    Dex: 22    Spells: 9/9 levels left

rFire    . . .     SeeInvis .   a - +0 long sword
rCold    . . .     Gourm    .   q - +0 chain mail
rNeg     . . .     Faith    .   (no shield)
rPois    +         Spirit   .   (helmet restricted)
rElec    .         Reflect  .   (no cloak)
rCorr    .         Harm     .   g - +2 pair of gloves
MR       .....                  (no boots)
Stlth    ..........             (no amulet)
Regen    0.3/turn               (no ring)
MPRegen  0.2/turn               l - ring of flight

@: agile, flying
A: horns 1, talons 1, large bone plates 1, agile 1, clever 1, poison resistance,
powered by death 3, rot immunity
a: Berserk, Burn Spellbooks, Renounce Religion


You were on level 8 of the Dungeon.
You worshipped Trog.
Trog was aware of your devotion.
You were hungry.

You visited 2 branches of the dungeon, and saw 10 of its levels.
You visited the Abyss 1 time.

Inventory:

Hand Weapons
 a - a +0 long sword (weapon)
Armour
 g - a +2 pair of gloves (worn)
 q - a +0 chain mail (worn)
Jewellery
 l - a ring of flight (left hand)
 B - an uncursed ring of poison resistance {unknown}
 D - an uncursed amulet of the gourmand {unknown}
 I - a cursed ring of loudness {unknown}
Wands
 v - a wand of random effects (11/48)
 A - a wand of acid (11/15)
Scrolls
 c - 3 scrolls of recharging {unknown}
 i - a scroll of enchant armour {unknown}
 j - 2 scrolls of amnesia {unknown}
 m - a scroll of identify {unknown}
 n - a scroll of immolation {unknown}
 o - 4 scrolls of teleportation {unknown}
 r - 2 scrolls of enchant weapon {unknown}
 t - a scroll of fog {unknown}
 u - 4 scrolls of random uselessness {unknown}
 y - a scroll of noise {unknown}
 z - a scroll of fear {unknown}
 F - a scroll of holy word {unknown}
 G - 2 scrolls of remove curse {unknown}
Potions
 d - a potion of berserk rage {unknown}
 e - a potion of agility
 h - a potion of ambrosia {unknown}
 p - a potion of might {unknown}
 s - 2 potions of mutation
 w - 2 potions of cancellation {unknown}
 x - 3 potions of flight
 C - a potion of haste {unknown}
Comestibles
 b - 4 royal jellies
 f - 11 bread rations
 k - 5 fruits
 H - 2 meat rations


   Skills:
 + Level 7.2 Fighting
 + Level 10.4 Long Blades
 + Level 2.2 Throwing
 + Level 6.4 Armour
 + Level 4.6 Dodging
 + Level 1.1 Stealth


You had 9 spell levels left.
You didn't know any spells.

Dungeon Overview and Level Annotations

Branches:
Dungeon (9/15)             Temple (1/1) D:5
   Lair: D:8-11         Orc: D:9-12

Altars:
Ashenzari
Cheibriados
Dithmenos
Elyvilon
Fedhas
Okawaru
Qazlal
Ru
Sif Muna
Trog
Uskayaw
Vehumet
Wu Jian
Xom
Zin

Shops:
D:9 =

Annotations:
D:9 Maurice


Innate Abilities, Weirdness & Mutations

You have a pair of small horns on your head.
You are partially covered in large bone plates. (SH +4)
You regenerate a lot of health from kills.
You are immune to rotting.
You have sharp toenails.
You are agile. (Dex +2)
Your mind is acute. (Int +2)
Your system is resistant to poisons. (rPois)


Message History

You fly upwards.
There is a stone staircase leading down here.
The cyan ugly thing closely misses you.
You riposte.
Your chain mail prevents you from hitting the cyan ugly thing.
You claw the cyan ugly thing, but do no damage.
You block the cyan ugly thing's attack. The cyan ugly thing punches you.
* * * LOW HITPOINT WARNING * * *
The cyan ugly thing shocks you!
* * * LOW HITPOINT WARNING * * *
There is a stone staircase leading up here.
The cyan ugly thing barely misses you.
The cyan ugly thing punches you but does no damage.
You see here a leather armour.
It was a potion of agility.
You feel agile all of a sudden. The cyan ugly thing punches you.
* * * LOW HITPOINT WARNING * * *
The cyan ugly thing shocks you!
You die...

# #.....))##.#....# #
#.......##.####.# #
#.......##.####.# #
#.......##......# #
#.......#######.#
####.......# #.#
...#.......##### #.#
##.#########...###.##
##.# #....@u..# ##.#
#...###.## ##.#
######.## ###
...#####...##.#
####...<...##.#
.....###......#
###### ########


You could see a cyan ugly thing.

Vanquished Creatures
  The ghost of jejorda2 the Cutter, a novice KoFE (D:5)
  A spriggan (D:7)
  Sigmund (D:3)
  2 humans (D:9)
  4 yaks (D:9)
  A wyvern (D:8)
  Menkaure (D:5)
  The ghost of GlassEater the Shield-Bearer, an amateur HaFi (D:3)
  A water moccasin (D:8)
  A black bear (D:7)
  2 necrophages
  3 ice beasts
  3 orc warriors
  2 ogres
  2 centaurs
  A crocodile (D:9)
  4 bullfrogs
  2 scorpions
  4 wights (D:7)
  2 howler monkeys (D:9)
  10 crimson imps
  A centaur zombie (D:6)
  5 orc priests
  3 hounds
  2 jellies
  12 orc wizards
  5 bullfrog skeletons
  7 worker ants
  A hound skeleton (D:7)
  A gnoll (D:1)
  14 adders
  2 shadow imps (D:7)
  2 adder skeletons
  2 worms
  9 leopard geckos
  33 orcs
  A ball python (D:4)
  10 bats
  5 giant cockroaches
  8 goblins
  13 hobgoblins
  4 jackals
  3 quokkas
  7 frilled lizards
  A jackal zombie (D:6)
  10 kobolds
  A leopard gecko skeleton (D:4)
  A quokka zombie (D:7)
  13 rats
225 creatures vanquished.

Notes
Turn   | Place    | Note
-------+----------+-------------------------------------------
     0 | D:1      | polly the Demonspawn Gladiator began the quest for the Orb.
     0 | D:1      | Reached XP level 1. HP: 16/16 MP: 1/1
   101 | D:1      | Gained mutation: You are partially covered in large bone plates. (SH +4) [demonic ancestry]
   101 | D:1      | Reached XP level 2. HP: 14/22 MP: 2/2
   286 | D:1      | Reached skill level 3 in Long Blades
   547 | D:1      | Gained mutation: You regenerate a little health from kills. [demonic ancestry]
   547 | D:1      | Reached XP level 3. HP: 28/28 MP: 3/3
  1439 | D:2      | Gained mutation: You have a pair of small horns on your head. [demonic ancestry]
  1439 | D:2      | Reached XP level 4. HP: 34/34 MP: 4/4
  1830 | D:3      | Gained mutation: You occasionally shout uncontrollably at your foes. [potion of mutation]
  1830 | D:3      | Gained mutation: You are agile. (Dex +2) [potion of mutation]
  1830 | D:3      | Gained mutation: You sometimes yell uncontrollably at your foes. [potion of mutation]
  1830 | D:3      | Gained mutation: You are very agile. (Dex +4) [potion of mutation]
  1855 | D:2      | Reached skill level 1 in Armour
  2135 | D:3      | Reached skill level 4 in Long Blades
  2135 | D:3      | Reached XP level 5. HP: 26/40 MP: 5/5
  2402 | D:3      | Noticed Sigmund
  2420 | D:3      | Killed Sigmund
  2420 | D:3      | Gained mutation: You regenerate health from kills. [demonic ancestry]
  2420 | D:3      | Reached XP level 6. HP: 41/47 MP: 6/6
  2522 | D:3      | Reached skill level 5 in Long Blades
  2637 | D:3      | Noticed GlassEater's ghost (amateur HaFi)
  2662 | D:3      | Killed GlassEater's ghost
  2855 | D:4      | Reached XP level 7. HP: 42/53 MP: 7/7
  2907 | D:4      | Found a shadowy altar of Dithmenos.
  2912 | D:4      | Reached skill level 6 in Long Blades
  2975 | D:4      | Lost mutation: You sometimes yell uncontrollably at your foes. [potion of mutation]
  2975 | D:4      | Lost mutation: You occasionally shout uncontrollably at your foes. [potion of mutation]
  2975 | D:4      | Lost mutation: You are very agile. (Dex +4) [potion of mutation]
  2975 | D:4      | Gained mutation: You occasionally shout uncontrollably at your foes. [potion of mutation]
  2975 | D:4      | Gained mutation: Your magical capacity is low. (-10% MP) [potion of mutation]
  2975 | D:4      | Gained mutation: You are covered in fur. (AC +1) [potion of mutation]
  2976 | D:4      | Lost mutation: Your magical capacity is low. (-10% MP) [potion of mutation]
  2976 | D:4      | Lost mutation: You are covered in fur. (AC +1) [potion of mutation]
  2976 | D:4      | Lost mutation: You occasionally shout uncontrollably at your foes. [potion of mutation]
  2976 | D:4      | Gained mutation: You have sharp toenails. [potion of mutation]
  2976 | D:4      | Gained mutation: Your system is resistant to poisons. (rPois) [potion of mutation]
  2976 | D:4      | Gained mutation: Your mind is acute. (Int +2) [potion of mutation]
  3523 | D:5      | Entered Level 5 of the Dungeon
  3565 | D:5      | Found a staircase to the Ecumenical Temple.
  3582 | D:5      | Noticed Menkaure
  3596 | D:5      | Killed Menkaure
  3620 | Temple   | Entered the Ecumenical Temple
  3877 | D:5      | Found a sacrificial altar of Ru.
  4031 | D:5      | Gained mutation: You regenerate a lot of health from kills. [demonic ancestry]
  4031 | D:5      | Reached XP level 8. HP: 54/60 MP: 8/8
  4191 | D:5      | Reached skill level 7 in Long Blades
  4191 | D:5      | Reached skill level 1 in Stealth
  4316 | D:5      | Noticed jejorda2's ghost (novice KoFE)
  4332 | D:5      | Killed jejorda2's ghost
  4332 | D:5      | Reached skill level 5 in Fighting
  4817 | D:6      | Reached skill level 8 in Long Blades
  5291 | D:6      | Found a deep blue altar of Sif Muna.
  5572 | D:7      | Gained mutation: You are immune to rotting. [demonic ancestry]
  5572 | D:7      | Reached XP level 9. HP: 68/68 MP: 9/9
  6099 | D:7      | Reached skill level 9 in Long Blades
  6276 | D:7      | Reached skill level 5 in Armour
  7217 | Temple   | Became a worshipper of Trog the Wrathful
  7426 | D:9      | Reached XP level 10. HP: 74/77 MP: 10/10
  7510 | D:9      | Reached skill level 10 in Long Blades
  7532 | D:9      | Noticed Maurice
  7935 | D:9      | Cast into level 1 of the Abyss (orc)
  7938 | Abyss:1  | Noticed a spatial maelstrom
  7943 | D:9      | Escaped the Abyss
  8007 | D:9      | Found an iron altar of Okawaru.
  8090 | D:9      | Found Gefyw's Jewellery Emporium.
  8119 | D:9      | Reached * piety under Trog
  8372 | D:9      | Noticed a cyan ugly thing
  8411 | D:8      | HP: 1/79 [cyan ugly thing (13)]
  8437 | D:8      | HP: 1/79 [cyan ugly thing (6)]
  8437 | D:8      | Mangled by a cyan ugly thing

Vault maps used:
D:1:      grunt_arrival_crossed_arrows
D:2:      serial_forest, infiniplex_forest_straight_1,
          infiniplex_forest_diagonal, infiniplex_forest_straight_4,
          infiniplex_forest_lined_3, infiniplex_forest_lined_room_3,
          infiniplex_forest_join, minmay_tetromino_o4
D:3:      first_bread, uniq_sigmund
D:4:      nicolae_dithmenos_through_a_glass_darkly
D:5:      nicolae_overflow_crystal_walls, minmay_temple_entry_statues,
          uniq_menkaure
D:6:      led_sif_pool
D:7:      the_bakery, minmay_nine_imps
D:9:      minitemple, serial_shops, shop, okawaru_humans, uniq_maurice
Temple:   nicolae_temple_figure_eight

Skill      XL: |  1  2  3  4  5  6  7  8  9 10 |
---------------+-------------------------------+-----
Throwing       | 2 |  2.2
Dodging        | 3 4 |  4.6
Long Blades    | 3 4 5 6 8 9 10 | 10.4
Armour         | 1 2 3 5 6 |  6.4
Fighting       | 3 4 5 6 7 |  7.2
Stealth        | 1 |  1.1

Action                   |  1- 3 |  4- 6 |  7- 9 | 10-12 || total
-------------------------+-------+-------+-------+-------++-------
Melee: Long sword        |   113 |   153 |   505 |   193 ||   964
       Headbutt          |       |    31 |   132 |    59 ||   222
       Kick              |       |       |   164 |    76 ||   240
Throw: Throwing net      |       |     1 |     1 |     2 ||     4
  Use: Potion            |       |     3 |     2 |     2 ||     7
 Stab: Sleeping          |     1 |       |       |       ||     1
       Held in net/web   |       |       |       |     1 ||     1
  Eat: Chunk             |       |     6 |    14 |     2 ||    22
       Royal jelly       |       |       |     1 |       ||     1
       Fruit             |       |       |       |     1 ||     1
Armor: Leather armour    |    22 |       |       |       ||    22
       Chain mail        |     3 |   106 |   243 |    73 ||   425
Dodge: Dodged            |    80 |    72 |   182 |    64 ||   398
Block: Other             |    24 |    28 |    79 |    24 ||   155
       Rpst.: Long sword |    23 |    24 |    56 |    17 ||   120
